 Dungeon Crawl Stone Soup version 0.27.0-1-g7a089689b8 (webtiles) character file.

Game seed: 4613547212913531827

34671 rjrrt the Severer (level 13, 0/111 HPs)
             Began as a Minotaur Monk on Aug 12, 2021.
             Was an Elder of Yredelemnul.
             Slain by an 11-headed hydra (5 damage)
             ... on level 2 of the Lair of Beasts.
             The game lasted 00:34:46 (16037 turns).

rjrrt the Severer (Minotaur Monk)                  Turns: 16037, Time: 00:34:48

Health: 0/111      AC: 16    Str: 26    XL:     13   Next: 43%
Magic:  17/17      EV: 11    Int:  7    God:    Yredelemnul [****..]
Gold:   794        SH:  0    Dex: 12    Spells: 12/12 levels left

rFire    + + .     SeeInvis +   a - +2 battleaxe of Starshine {venom, Drain rF++ Str+4 SInv}
rCold    . . .     Faith    .   (shield currently unavailable)
rNeg     . . .     Spirit   .   i - +1 chain mail
rPois    +         Reflect  .   (helmet restricted)
rElec    .         Harm     .   v - +2 cloak
rCorr    .         Rampage  .   (no gloves)
Will     +....                  M - +0 pair of boots
Stlth    ..........             (no amulet)
HPRegen  0.28/turn              A - ring of poison resistance
MPRegen  0.15/turn              k - ring of willpower

@: no status effects
A: horns 2, retaliatory headbutt
a: Renounce Religion, Recall Undead Slaves, Injury Mirror, Animate Dead, Drain
Life


You were on level 2 of the Lair of Beasts.
You worshipped Yredelemnul.
Yredelemnul was greatly pleased with you.
You visited 2 branches of the dungeon, and saw 14 of its levels.
You also visited: Ossuary and Bailey.

You collected 794 gold pieces.

Inventory:

Hand Weapons
 a - the +2 battleaxe of Starshine (weapon) {venom, Drain rF++ Str+4 SInv}
   (You acquired it in an ossuary)

   It poisons the flesh of those it strikes.
   Str:       It affects your strength (+4).
   rF:        It greatly protects you from fire.
   SInv:      It lets you see invisible.
   Drain:     It drains your maximum health when unequipped.
 g - a +1 glaive of venom
 w - a +2 flail of draining
Missiles
 b - 2 javelins
 f - 30 poisoned darts (quivered)
 z - 67 boomerangs
 F - 7 curare-tipped darts
 G - a throwing net
Armour
 i - a +1 chain mail (worn)
 v - a +2 cloak (worn)
 M - a +0 pair of boots (worn)
Jewellery
 j - a ring of flight
 k - a ring of willpower (right hand)
 y - a ring of willpower
 A - a ring of poison resistance (left hand)
 C - a ring of wizardry
Wands
 m - a wand of flame (52)
 x - a wand of digging (23)
 I - a wand of paralysis (8)
 L - a wand of acid (6)
Scrolls
 u - a scroll of summoning
 H - a scroll of enchant armour
 K - a scroll of magic mapping
 O - a scroll of teleportation
Potions
 c - a potion of ambrosia {unknown}
 d - 3 potions of invisibility
 e - 4 potions of curing
 h - 2 potions of mutation
 l - a potion of magic {unknown}
 n - 8 potions of flight
 o - 3 potions of haste
 p - a potion of cancellation {unknown}
 q - 5 potions of might
 s - a potion of attraction {unknown}
 B - a potion of lignification {unknown}
 D - a potion of resistance
 E - 2 potions of heal wounds {unknown}
 N - a potion of berserk rage {unknown}
Miscellaneous
 r - a lightning rod (4/4)
 J - a phantom mirror


   Skills:
 + Level 9.3 Fighting
 + Level 19.0 Axes
 + Level 8.4 Armour
 + Level 8.5 Dodging
 - Level 1.5 Stealth
 + Level 7.9 Invocations
 + Level 3.7 Evocations


You had 12 spell levels left.
You didn't know any spells.
Your spell library contained the following spells:

 Spells                   Type           Power      Damage    Failure   Level
 Animate Skeleton         Necr           0%         N/A       93%         1
 Corona                   Hex            0%         N/A       93%         1
 Pain                     Necr           0%         1d4       93%         1
 Ensorcelled Hibernation  Hex/Ice        0%         N/A       98%         2
 Static Discharge         Conj/Air       0%         N/A       98%         2
 Sublimation of Blood     Necr           0%         N/A       98%         2
 Wereblood                Tmut           0%         N/A       98%         2
 Gell's Gravitas          Tloc           0%         N/A       100%        3
 Lesser Beckoning         Tloc           0%         N/A       100%        3
 Teleport Other           Tloc           0%         N/A       100%        3
 Tukima's Dance           Hex            0%         N/A       100%        3
 Vampiric Draining        Necr           0%         2d6       100%        3
 Dispel Undead            Necr           0%         3d6       100%        4
 Passage of Golubria      Tloc           N/A        N/A       100%        4
 Sticky Flame             Conj/Fire      0%         2d3       100%        4
 Yara's Violent Unravell  Hex/Tmut       0%         3d3       100%        5
 Summon Hydra             Summ           0%         N/A       100%        7


Dungeon Overview and Level Annotations

Branches:
Dungeon (12/15)            Temple (0/1) D:6            Lair (2/6) D:10
    Orc (0/2) D:12        Ossuary (visited)          Bailey (visited)
  Swamp: Lair:2-4    Shoals: Lair:2-4     Snake: Lair:2-4    Spider: Lair:2-4

Altars:
Cheibriados
Makhleb
Okawaru
Qazlal
Sif Muna
Trog
Vehumet
Xom
Yredelemnul
Zin
Beogh

Shops:
D:8 (

Annotations:
D:2 1 runed translucent door, Crazy Yiuf
D:3 Grinder


Innate Abilities, Weirdness & Mutations

You have a pair of horns on your head.
You reflexively headbutt those who attack you in melee.


Message History

The nine-headed hydra closely misses you.
The nine-headed hydra bites you.
The nine-headed hydra barely misses you.
The nine-headed hydra bites you but does no damage.
The nine-headed hydra bites you!
The nine-headed hydra barely misses you.
The nine-headed hydra bites you!
You slice one of the nine-headed hydra's heads off!
The eight-headed hydra grows two more!
You slash the ten-headed hydra!
Your headbutt misses the ten-headed hydra.
The ten-headed hydra is severely wounded.
The ten-headed hydra bites you. x4
The ten-headed hydra bites you but does no damage. x5
The ten-headed hydra misses you.
Unknown command.
You chop one of the ten-headed hydra's heads off!
The nine-headed hydra grows two more!
You slice the 11-headed hydra!!
Your headbutt misses the 11-headed hydra.
The 11-headed hydra is severely wounded.
The 11-headed hydra bites you. The 11-headed hydra misses you.
The 11-headed hydra bites you. x3
* * * LOW HITPOINT WARNING * * *
The 11-headed hydra bites you.
* * * LOW HITPOINT WARNING * * *
The 11-headed hydra bites you.
* * * LOW HITPOINT WARNING * * *
The 11-headed hydra bites you!
* * * LOW HITPOINT WARNING * * *
The 11-headed hydra barely misses you. The 11-headed hydra bites you!
* * * LOW HITPOINT WARNING * * *
The 11-headed hydra closely misses you.
Unknown command.
As you read the scroll of fear, it crumbles to dust.
You assume a fearsome visage.
The fungus is unaffected.
The plant is unaffected.
The bush is unaffected.
The 11-headed hydra easily resists.
The 11-headed hydra bites you but does no damage.
The 11-headed hydra misses you. The 11-headed hydra bites you.
You die...
Your body rises from the dead as a mindless zombie.

#....P..####.....#
##.................
#..................
#..................
#P.................
#....#.#.#.#.......
##..####.#.#.......
#..D##....##......!
#..@#P.....#......#
##........##......#
#P..#.....# .......
##<.++....#
#..##.#.##
#...P..#.P
#...........
#............
.########P.##


You could see a 11-headed hydra.

Vanquished Creatures
  An orc warlord (Bailey)
  2 hydras
  3 two-headed ogres
  Sonja (D:10)
  An orc knight (D:12)
  A cyclops (D:11)
  Maurice (D:8)
  A gargoyle (D:12)
  2 cane toads
  An unseen horror (D:10)
  4 kobold demonologists
  2 komodo dragons
  2 trolls
  5 slime creatures (D:12)
  A meliai zombie (D:10)
  A wyvern (Lair:1)
  5 yaks (D:12)
  2 wraiths
  3 vampire mosquitoes (D:11)
  A steam dragon (D:6)
  3 acid dragons
  Duvessa (D:6)
  Edmund (D:6)
  2 water moccasins
  11 orc warriors
  3 black bears
  A necrophage (D:4)
  2 ice beasts
  An ogre (D:6)
  16 centaurs
  5 kobold brigands
  4 bullfrogs
  A wyvern zombie (D:8)
  5 water moccasin zombies (Ossuary)
  5 scorpions
  Dowan (D:6)
  23 killer bees
  3 howler monkeys (D:12)
  7 wights
  A bullfrog zombie (D:6)
  3 centaur zombies
  2 hounds (D:6)
  3 centaur skeletons (D:7)
  5 orc priests
  A gnoll shaman (D:7)
  2 iguanas
  Natasha (thrice) (D:3)
  12 orc wizards
  2 killer bee zombies
  2 hound zombies (D:5)
  4 mummies
  Robin (D:2)
  8 gnolls
  A howler monkey skeleton (D:4)
  11 adders
  A shadow imp (D:6)
  A white imp (D:7)
  2 ufetubi
  2 adder zombies (Ossuary)
  An adder skeleton (D:4)
  2 worms (D:2)
  4 dart slugs
  39 orcs
  6 ball pythons
  5 bats
  2 endoplasms
  3 giant cockroaches (D:4)
  3 gnoll zombies (Ossuary)
  12 goblins
  17 hobgoblins
  4 jackals (D:1)
  6 quokkas
  5 frilled lizards
  3 hobgoblin zombies (Ossuary)
  28 kobolds
  6 kobold zombies (Ossuary)
  4 orc zombies (Ossuary)
  3 rats
355 creatures vanquished.

Vanquished Creatures (collateral kills)
  A cyclops (D:9)
  A meliai zombie (D:11)
  A yak (D:12)
  A wraith (D:9)
  A water moccasin (Lair:1)
  A centaur (D:9)
  A bullfrog (Lair:1)
  A centaur zombie (D:9)
  An orc wizard (D:10)
  A shadow imp (D:6)
  5 orcs
  A goblin (D:8)
  A hobgoblin (D:11)
  A bush (Lair:1)
18 creatures vanquished.

Vanquished Creatures (others)
  A wight (D:11)
  2 cane toad zombies
  A wyvern zombie (Lair:1)
  An acid dragon zombie (D:12)
  5 kobold zombies
  A komodo dragon zombie (Lair:1)
  A bullfrog zombie (Lair:1)
  A centaur zombie (D:12)
  3 killer bee zombies
  An orc skeleton (D:8)
  5 orc zombies
  A troll zombie (D:12)
  A water moccasin zombie (D:6)
  2 fungi (Lair:1)
  7 plants
33 creatures vanquished.

Grand Total: 406 creatures vanquished

Notes
Turn   | Place    | Note
-------+----------+-------------------------------------------
     0 | D:1      | rjrrt the Minotaur Monk began the quest for the Orb.
     0 | D:1      | Reached XP level 1. HP: 19/19 MP: 0/0
    26 | D:1      | Reached skill level 4 in Axes
   290 | D:1      | Reached XP level 2. HP: 15/26 MP: 1/1
   797 | D:1      | Reached skill level 5 in Axes
   952 | D:1      | Reached XP level 3. HP: 31/31 MP: 2/2
  1291 | D:2      | Reached XP level 4. HP: 10/39 MP: 3/3
  1294 | D:2      | Reached skill level 6 in Axes
  1614 | D:2      | Noticed Robin
  1622 | D:2      | Killed Robin
  2196 | D:2      | Found a runed translucent door.
  2197 | D:2      | Noticed Crazy Yiuf
  2270 | D:2      | Found an iron altar of Okawaru.
  2473 | D:1      | Reached XP level 5. HP: 32/46 MP: 4/4
  2747 | D:2      | Reached skill level 7 in Axes
  3333 | D:3      | Reached skill level 1 in Armour
  3562 | D:3      | Noticed Natasha
  3679 | D:3      | Killed Natasha
  3891 | D:3      | Noticed Natasha
  3902 | D:3      | Killed Natasha
  3919 | D:3      | Noticed Natasha
  3927 | D:3      | Killed Natasha
  3928 | D:3      | Reached XP level 6. HP: 48/52 MP: 5/5
  4159 | D:3      | Noticed Grinder
  4408 | D:4      | Found a sand-covered staircase.
  4436 | Ossuary  | Entered an ossuary
  4771 | Ossuary  | Reached skill level 8 in Axes
  4771 | Ossuary  | Reached XP level 7. HP: 59/60 MP: 6/6
  4819 | Ossuary  | Reached skill level 5 in Fighting
  4989 | Ossuary  | Identified a scroll of acquirement
  4989 | Ossuary  | Acquired the +2 battleaxe of Starshine {venom, Drain rF++
                  | Str+4 SInv}
  5041 | D:4      | Found a shimmering altar of Xom.
  5175 | D:4      | Reached skill level 9 in Axes
  5351 | D:4      | Found a bloodstained altar of Trog.
  5906 | D:4      | Reached skill level 10 in Axes
  5906 | D:4      | Reached XP level 8. HP: 63/68 MP: 7/7
  5980 | D:5      | Entered Level 5 of the Dungeon
  6178 | D:5      | Reached skill level 11 in Axes
  6593 | D:5      | Found a basalt altar of Yredelemnul.
  6603 | D:5      | Became a worshipper of Yredelemnul the Dark
  6603 | D:5      | Reached * piety under Yredelemnul
  6603 | D:5      | Reached ** piety under Yredelemnul
  6680 | D:6      | Noticed Edmund
  6730 | D:6      | Killed Edmund
  6731 | D:6      | Reached skill level 1 in Invocations
  6754 | D:6      | Reached skill level 12 in Axes
  7193 | D:6      | Noticed Duvessa
  7196 | D:6      | Reached XP level 9. HP: 74/74 MP: 9/9
  7197 | D:6      | Noticed Dowan
  7198 | D:6      | Killed Duvessa
  7201 | D:6      | Killed Dowan
  7577 | D:6      | Reached skill level 13 in Axes
  7594 | D:6      | Found a staircase to the Ecumenical Temple.
  8811 | D:8      | Reached skill level 14 in Axes
  8812 | D:8      | Noticed Maurice
  9058 | D:8      | Killed Maurice
  9059 | D:8      | Reached skill level 5 in Invocations
  9120 | D:8      | Found a flagged portal.
  9130 | D:8      | Reached *** piety under Yredelemnul
  9156 | Bailey   | Entered a bailey
  9185 | Bailey   | Noticed an orc warlord
  9278 | Bailey   | Reached XP level 10. HP: 47/81 MP: 11/13
  9471 | Bailey   | Found a runed translucent gate.
  9472 | Bailey   | Found a runed translucent gate.
  9563 | Bailey   | Found a runed translucent gate.
  9725 | Bailey   | Killed an orc warlord
  9726 | Bailey   | Reached skill level 15 in Axes
 10000 | Bailey   | Reached skill level 17 in Axes
 10000 | Bailey   | Reached XP level 11. HP: 86/86 MP: 14/14
 10001 | Bailey   | Reached skill level 18 in Axes
 10001 | Bailey   | Reached skill level 5 in Armour
 10001 | Bailey   | Reached XP level 12. HP: 100/100 MP: 15/15
 10296 | D:8      | Found Tuema's Antique Weapon Boutique.
 10432 | D:8      | Noticed a two-headed ogre
 10437 | D:8      | Killed a two-headed ogre
 10867 | D:8      | Identified the +8 short sword of the Battered Blessings
                  | {freeze, rPois rF+ rC-}
 11320 | D:9      | Found a burning altar of Makhleb.
 11579 | D:9      | Reached **** piety under Yredelemnul
 11579 | D:9      | Received a gift from Yredelemnul (2 flying skulls)
 11688 | D:9      | Found a stormy altar of Qazlal.
 11688 | D:9      | Found a shimmering blue altar of Sif Muna.
 11689 | D:9      | Found a glowing silver altar of Zin.
 11858 | D:10     | Entered Level 10 of the Dungeon
 11870 | D:10     | Noticed Sonja
 11880 | D:10     | Killed Sonja
 11960 | D:10     | Found a snail-covered altar of Cheibriados.
 11997 | D:10     | Reached skill level 1 in Evocations
 12004 | D:10     | Received a gift from Yredelemnul (a mummy)
 12105 | D:10     | Your ally Sonja died
 12342 | D:10     | Found a staircase to the Lair.
 12570 | D:11     | Noticed a two-headed ogre
 12584 | D:11     | Killed a two-headed ogre
 12584 | D:11     | Received a gift from Yredelemnul (a wight)
 12964 | D:11     | Reached XP level 13. HP: 73/108 MP: 17/17
 13155 | D:11     | Found a radiant altar of Vehumet.
 13838 | D:12     | Received a gift from Yredelemnul (a wight)
 13847 | D:12     | Found a staircase to the Orcish Mines.
 14421 | D:12     | Reached skill level 19 in Axes
 15107 | Lair:1   | Entered Level 1 of the Lair of Beasts
 16036 | Lair:2   | HP: 5/111 [11-headed hydra (13)]
 16037 | Lair:2   | Slain by an 11-headed hydra

Illustrated notes

Levels and vault maps discovered:
D:1:      mrwooster_arrival_statue_3, layout_loops_ring,
          minmay_misc_feat_columns, hex_large, chequers_serial_rivers_micro_e,
          serial_bayou_pond_c
D:2:      layout_basic, basic_altar, uniq_robin, uniq_crazy_yiuf_cottage
D:3:      layout_rooms, uniq_grinder, uniq_natasha
D:4:      layout_loops_corners, trog_book, mainiacjoe_overflow_chevrons,
          gup_ossuary_entry_pyramid
D:5:      layout_rooms, kennysheep_little_box
D:6:      layout_basic, temple_fountains, minmay_misc_feat_five, uniq_duvessa,
          uniq_edmund
D:7:      layout_basic
D:8:      layout_loops_ring, serial_shops, nicolae_shop_stone, enter_bailey_5,
          uniq_maurice
D:9:      layout_roguey, gammafunk_temple_overflow_claw,
          mainiacjoe_overflow_cross_hatched
D:10:     layout_rooms, slow_altar_2, david_lair_shrubbed,
          hellmonk_bongcloud_opening, uniq_sonja
D:11:     layout_rooms, vehumet_altar_wand_db
D:12:     layout_long_grid, david_orc_5, evilmike_butchery
Lair:1:   layout_cave_pods
Lair:2:   layout_regular_city, minmay_swamp_entry_reptiles,
          nicolae_spider_entry_orb_guardian

Skill      XL: |  1  2  3  4  5  6  7  8  9 10 11 12 13 |
---------------+----------------------------------------+-----
Axes           | 4 5 6 7 8 10 12 14 17 18 19 | 19.0
Armour         | 1 2 3 5 7 8 |  8.4
Fighting       | 4 5 7 8 9 |  9.3
Dodging        | 4 6 7 8 |  8.5
Invocations    | 2 5 6 7 |  7.9
Evocations     | 2 3 |  3.7
Stealth        | |  1.5

Action                   |  1- 3 |  4- 6 |  7- 9 | 10-12 | 13-15 || total
-------------------------+-------+-------+-------+-------+-------++-------
Melee: Hand axe          |    71 |   224 |    60 |       |       ||   355
       Headbutt          |    11 |    50 |    50 |    36 |    41 ||   188
       Battleaxe         |       |       |   222 |   199 |   152 ||   573
Throw: Javelin           |       |     1 |       |       |       ||     1
       Dart              |       |       |     4 |     5 |     2 ||    11
Invok: Animate Remains   |       |       |     7 |       |       ||     7
       Animate Dead      |       |       |       |     7 |     9 ||    16
       Drain Life        |       |       |       |     1 |       ||     1
Evoke: Wand              |       |       |       |    13 |       ||    13
  Use: Scroll            |       |     2 |     8 |     3 |     6 ||    19
       Potion            |       |       |     1 |     3 |     1 ||     5
 Stab: Sleeping          |     1 |       |       |       |       ||     1
       Invisible         |       |       |       |     1 |       ||     1
       Paralysed         |       |       |       |     3 |       ||     3
       Distracted        |       |       |       |       |     5 ||     5
Armor: Robe              |     6 |       |       |       |       ||     6
       Leather armour    |     7 |       |       |       |       ||     7
       Ring mail         |       |    18 |       |       |       ||    18
       Chain mail        |       |    61 |   131 |   108 |    74 ||   374
Dodge: Dodged            |    40 |    88 |   126 |   146 |    81 ||   481
